 Dungeon Crawl Stone Soup version 0.28-a0-535-g6f645e4c1d (webtiles) character file.

Game seed: 3508614697333250288

21 grindst0ne the Skirmisher (level 2, -10/25 HPs)
             Began as a Palentonga Abyssal Knight on Sept 26, 2021.
             Was a Follower of Lugonu.
             Engulfed by a cloud of flame (17 damage)
             ... on level 1 of the Dungeon.
             The game lasted 00:01:14 (754 turns).

grindst0ne the Skirmisher (PaAK)                     Turns: 754, Time: 00:01:15

Health: -10/25     AC:  4    Str: 16    XL:     2   Next: 65%
Magic:  3/3        EV:  9    Int: 10    God:    Lugonu [*.....]
Gold:   52         SH:  0    Dex: 10    Spells: 1/1 levels left

rFire   . . .      SeeInvis +   a - +1 hand axe
rCold   . . .      Faith    .   (no shield)
rNeg    . . .      Spirit   .   b - +0 leather armour
rPois   .          Reflect  .   (no helmet)
rElec   .          Harm     .   (no cloak)
rCorr   .          Rampage  .   (no gloves)
Will    .....                   (no barding)
Stlth   +.........              (no amulet)
HPRegen 0.08/turn               (no ring)
MPRegen 0.08/turn               (no ring)

@: no status effects
A: large, rugged brown scales 3, see invisible, deformed body, roll 1, armoured
tail
a: Rolling Charge, Renounce Religion, Depart the Abyss


You were on level 1 of the Dungeon.
You worshipped Lugonu.
Lugonu was aware of your devotion.
You visited 1 branch of the dungeon, and saw 1 of its levels.
You visited the Abyss 1 time.

You collected 52 gold pieces.

Inventory:

Hand Weapons
 a - a +1 hand axe (weapon)
Armour
 b - a +0 leather armour (worn)
 c - a +0 plate armour
Scrolls
 d - a scroll of magic mapping {unknown}
 e - a scroll of brand weapon {unknown}
 f - a scroll of identify {unknown}


   Skills:
 + Level 3.3 Fighting
 + Level 2.4 Axes
 - Level 1.5 Armour
 - Level 0.7 Dodging
 + Level 2.5 Invocations


You had one spell level left.
You didn't know any spells.
Your spell library contained the following spells:

 Spells                   Type           Power      Damage    Failure   Level
 Iskenderun's Battlesphe  Conj           0%         2d6       100%        5
 Iron Shot                Conj/Erth      0%         9d1       100%        6
 Spellforged Servitor     Conj/Summ      0%         N/A       100%        7


Dungeon Overview and Level Annotations

Branches:
Dungeon (1/15)

Altars:


Innate Abilities, Weirdness & Mutations

You are completely covered in rugged brown scales. (AC +3, +7% HP)
You have supernaturally acute eyesight. (SInv)
Armour fits poorly on your strangely shaped body.
You can roll at nearby foes to attack.
You have a long armoured tail.


Message History

The bat is severely wounded.
The bat hits you but does no damage. The bat hits you.
The bat barely misses you.
There is a stone staircase leading down here.
The bat hits you but does no damage.
You miss the bat.
Your tail-slap misses the bat.
The bat is severely wounded.
The bat misses you. The bat closely misses you.
Your leather armour prevents you from hitting the bat.
The bat hits you but does no damage.
You miss the bat.
Your tail-slap misses the bat.
The bat hits you. The bat hits you but does no damage.
You slash the bat!
You kill the bat!
Lugonu accepts your kill.
No target in view!
You now have 52 gold pieces (gained 12).
Found a stone staircase leading down.
There is a stone staircase leading down here.
There is a stone staircase leading down here.
There is a shaft here.
Things that are here:
a +0 club; a +0 short sword You see here a +0 club.
f - a scroll labelled YXTOEK JITU
Found a robe.
You see here a +0 leather armour.
Things that are here:
a +0 dagger; 2 stones
There is a faded altar of an unknown god here.
You're in a travel-excluded area, stopping explore.
You're in a travel-excluded area, stopping explore.
You are engulfed in blazing flames.
Ouch! That really hurt!
* * * LOW HITPOINT WARNING * * *
You are engulfed in blazing flames.
Ouch! That really hurt!
You die...

_...#..............##
#.###..#####.#####..#
#.# #.## #...# ##.#
#.###.# #§§.# #.#
......# #.§§# #.#
#.##### #§§.# #.# #.#
##...#####.#
#.####.§§...$..☼§§..#
.......§§§.$$..§@§..#
.(......§§..$$.§☼○.##
#####.#####...######
# #§☼. #§. #. #.


There were no monsters in sight!

Vanquished Creatures
  2 bats (D:1)
  2 endoplasms (D:1)
  5 goblins (D:1)
  A hobgoblin (D:1)
  3 kobolds (D:1)
  A quokka (D:1)
  2 ball pythons (D:1)
  A frilled lizard (D:1)
  2 rats (D:1)
19 creatures vanquished.

Notes
Turn   | Place    | Note
-------+----------+-------------------------------------------
     0 | Abyss:1  | grindst0ne the Palentonga Abyssal Knight began the quest
                  | for the Orb.
     0 | Abyss:1  | Reached XP level 1. HP: 19/19 MP: 2/2
    18 | Abyss:1  | Found a broken altar of Ashenzari.
    52 | Abyss:1  | Noticed a black draconian
    53 | D:1      | Escaped the Abyss
    87 | D:1      | Reached * piety under Lugonu
   187 | D:1      | Reached XP level 2. HP: 22/25 MP: 3/3
   225 | D:1      | Found a faded altar of an unknown god.
   754 | D:1      | Engulfed by a cloud of flame

Illustrated notes

Levels and vault maps discovered:
D:1:      minmay_arrival_jagged, layout_loops_ring, basic_ecumenical_altar,
          lemuel_flame_loot_1

Action                   || total
-------------------------++-------
Melee: Hand axe          ||    46
       Tailslap          ||     5
Invok: Depart the Abyss  ||     1
Armor: Leather armour    ||    20
Dodge: Dodged            ||    28

Table legend: (Time is in decaauts)
 A = Elapsed time spent in this place.
 B = Non-inter-level travel time spent in this place.
 C = Inter-level travel time spent in this place.
 D = Time resting spent in this place.
 E = Time spent auto-exploring this place.
 F = Levels seen in this place.
 G = Mean time per level.
                   A        B        C        D        E       F      G
               +--------+--------+--------+--------+--------+-----+--------+
         Total |    763 |    763 |      0 |      0 |    569 |   2 |  381.5 |
       Dungeon |    709 |    709 |      0 |      0 |    551 |   1 |  709.0 |
         Abyss |     53 |     53 |      0 |      0 |     18 |   1 |   53.0 |
               +--------+--------+--------+--------+--------+-----+--------+

Top non-repeatable levels by time:
     D:1: 709 daAuts
 Abyss:1: 53 daAuts
